APL (24 & UNDER)
NASHUA REDLEGS @ STATE COLLEGE SPIKES
08/20/2026
 
TOP OF THE 1ST
Nashua Redlegs batting - Pitching for State College Spikes : LHP Sean Perry
Pitching: LHP Sean Perry
Batting: LHB Richard Olvera 0-0: Ball
1-0: Ball
2-0: Ball
3-0: Base on Balls
Batting: RHB Juan Cardoza 0-0: Called Strike
0-1: Ball
1-1: Swinging Strike
1-2: Foul Ball, location: 2F
1-2: Ball
2-2: Fly out, F9 (Line Drive, 9LM)
Batting: RHB Jacob Pope 0-0: Ball
Richard Olvera is caught stealing 2nd base
1-0: Ball
2-0: Foul Ball, location: 2F
2-1: Called Strike
2-2: Ball
3-2: Strikes out swinging
Top of the 1st over - 0 run(s), 0 hit(s), 0 error(s), 0 left on base; Nashua 0 - State College 0
BOTTOM OF THE 1ST
State College Spikes batting - Pitching for Nashua Redlegs : RHP Bill Peterson
Pitching: RHP Bill Peterson
Batting: RHB Alonzo Herrera 0-0: Swinging Strike
0-1: DOUBLE (Flyball, 9S)
Batting: RHB Blair Whitehead 0-0: Called Strike
0-1: SINGLE (Line Drive, 6D)
Alonzo Herrera to third
Runner from 3rd tries for Home, SAFE, no throw or cutoff
Batting: SHB Clint Woods 0-0: Foul Ball, location: 2F
0-1: SINGLE (Groundball, 4M)
Blair Whitehead to second
Batting: RHB Mike Ingram 0-0: Called Strike
0-1: Foul Ball, location: 2F
0-2: Ball
1-2: Ball
2-2: SINGLE (Line Drive, 8LS)
Blair Whitehead to third
Clint Woods to second
Batting: RHB Eric Knight 0-0: Ball
1-0: Fly out, F8 (Flyball, 8RD)
Runner from 3rd tags up, SCORES, throw made
Batting: RHB Martín López 0-0: Foul Ball, location: 2F
0-1: Foul Ball, location: 2F
0-2: Ball
1-2: Ball
2-2: SINGLE (Groundball, 6M)
Clint Woods to third
Mike Ingram to second
Runner from 3rd tries for Home, SAFE, throw made home
Batting: RHB Javier Peña 0-0: Called Strike
0-1: Fly out, F8 (Flyball, 8RS)
Batting: RHB Nick Mackin 0-0: Ball
1-0: Ball
2-0: Ball
Wild Pitch!
Mike Ingram to third
Martín López to second
3-0: Base on Balls
Batting: RHB Joaquín Vásquez 0-0: Ground out 1-3 (Groundball, 15)
Bottom of the 1st over - 3 run(s), 5 hit(s), 0 error(s), 3 left on base; Nashua 0 - State College 3
TOP OF THE 2ND
Nashua Redlegs batting - Pitching for State College Spikes : LHP Sean Perry
Batting: RHB Jason Blair 0-0: Ball
1-0: Foul Ball, location: 2F
1-1: Ground out 1-3 (Groundball, 13S)
Batting: RHB Spencer Pritchett 0-0: Foul Ball, location: 2F
0-1: Swinging Strike
0-2: Strikes out swinging
Batting: RHB Joe Noble 0-0: Ball
1-0: Ball
2-0: Called Strike
2-1: Ball
3-1: Base on Balls
Batting: RHB Gabriel Erwin 0-0: Called Strike
0-1: Foul Ball, location: 2F
0-2: Fly out, F7 (Flyball, 78M)
Top of the 2nd over - 0 run(s), 0 hit(s), 0 error(s), 1 left on base; Nashua 0 - State College 3
BOTTOM OF THE 2ND
State College Spikes batting - Pitching for Nashua Redlegs : RHP Bill Peterson
Batting: RHB Alonzo Herrera 0-0: Ball
1-0: Ball
2-0: Fly out, F9 (Line Drive, 9S)
Batting: RHB Blair Whitehead 0-0: Called Strike
0-1: Ball
1-1: DOUBLE (Flyball, 89XD)
Batting: SHB Clint Woods 0-0: Called Strike
0-1: Ball
1-1: Ball
2-1: Ball
3-1: Ground out 4-3 (Groundball, 4)
Blair Whitehead to third
Batting: RHB Mike Ingram 0-0: Ball
1-0: Fly out, F9 (Flyball, 89M)
Bottom of the 2nd over - 0 run(s), 1 hit(s), 0 error(s), 1 left on base; Nashua 0 - State College 3
TOP OF THE 3RD
Nashua Redlegs batting - Pitching for State College Spikes : LHP Sean Perry
Batting: RHB Manuel Alonso 0-0: Ball
1-0: Fly out, F2 (Popup, 2LF)
Batting: RHB António Pérez 0-0: Ground out 6-3 (Groundball, 6M)
Batting: LHB Richard Olvera 0-0: Ball
1-0: Foul Ball, location: 2F
1-1: Foul Ball, location: 2F
1-2: Foul Ball, location: 2F
1-2: Strikes out swinging
Top of the 3rd over - 0 run(s), 0 hit(s), 0 error(s), 0 left on base; Nashua 0 - State College 3
BOTTOM OF THE 3RD
State College Spikes batting - Pitching for Nashua Redlegs : RHP Bill Peterson
Batting: RHB Eric Knight 0-0: Foul Ball, location: 2F
0-1: Called Strike
0-2: Ball
1-2: Ball
2-2: Foul Ball, location: 2F
2-2: Ball
3-2: Base on Balls
Batting: RHB Martín López 0-0: Called Strike
Eric Knight steals 2nd base
0-1: Ball
1-1: Ball
2-1: Swinging Strike
2-2: Ball
3-2: Strikes out looking
Batting: RHB Javier Peña 0-0: SINGLE (Groundball, 34D)
Eric Knight to third
Runner from 3rd tries for Home, SAFE, throw made home
Javier Peña to second
Batting: RHB Nick Mackin 0-0: Called Strike
Javier Peña steals 3rd base
0-1: Swinging Strike
0-2: Ball
1-2: Ball
2-2: Strikes out swinging
Batting: RHB Joaquín Vásquez 0-0: Foul Ball, location: 2F
0-1: Ground out 1-3 (Groundball, 13)
Bottom of the 3rd over - 1 run(s), 1 hit(s), 0 error(s), 1 left on base; Nashua 0 - State College 4
TOP OF THE 4TH
Nashua Redlegs batting - Pitching for State College Spikes : LHP Sean Perry
Batting: RHB Juan Cardoza 0-0: Ball
1-0: Ball
2-0: Ball
3-0: Called Strike
3-1: Ground out 1-3 (Groundball, 15)
Batting: RHB Jacob Pope 0-0: Ball
1-0: Ball
2-0: Ball
3-0: Base on Balls
Batting: RHB Jason Blair 0-0: Called Strike
0-1: Ball
1-1: Foul Ball, location: 2F
1-2: Foul Ball, location: 2F
1-2: Ball
2-2: Strikes out swinging
Batting: RHB Spencer Pritchett 0-0: Called Strike
0-1: Ball
1-1: Foul Ball, location: 2F
1-2: Ball
2-2: Foul Ball, location: 2F
2-2: Foul Ball, location: 2F
2-2: Strikes out swinging
Top of the 4th over - 0 run(s), 0 hit(s), 0 error(s), 1 left on base; Nashua 0 - State College 4
BOTTOM OF THE 4TH
State College Spikes batting - Pitching for Nashua Redlegs : RHP Bill Peterson
Batting: RHB Alonzo Herrera 0-0: Called Strike
0-1: Called Strike
0-2: Strikes out swinging
Batting: RHB Blair Whitehead 0-0: Foul Ball, location: 2F
0-1: Ball
1-1: Ball
2-1: Called Strike
2-2: Foul Ball, location: 2F
2-2: Ball
3-2: Strikes out swinging
Batting: SHB Clint Woods 0-0: Called Strike
0-1: Called Strike
0-2: Fly out, F8 (Flyball, 8RM)
Bottom of the 4th over - 0 run(s), 0 hit(s), 0 error(s), 0 left on base; Nashua 0 - State College 4
TOP OF THE 5TH
Nashua Redlegs batting - Pitching for State College Spikes : LHP Sean Perry
Batting: RHB Joe Noble 0-0: Ball
1-0: Called Strike
1-1: Ball
2-1: SINGLE (Groundball, 4MD)
Batting: RHB Gabriel Erwin 0-0: Ball
1-0: Swinging Strike
1-1: TRIPLE (Flyball, 89D)
Joe Noble scores
Batting: RHB Manuel Alonso 0-0: Called Strike
0-1: Ball
1-1: Foul Ball, location: 2F
1-2: Strikes out looking
Batting: RHB António Pérez 0-0: Ball
1-0: Called Strike
1-1: Foul Ball, location: 2F
1-2: Strikes out looking
Batting: LHB Richard Olvera 0-0: Called Strike
0-1: Swinging Strike
0-2: Ball
1-2: Strikes out swinging
Top of the 5th over - 1 run(s), 2 hit(s), 0 error(s), 1 left on base; Nashua 1 - State College 4
BOTTOM OF THE 5TH
State College Spikes batting - Pitching for Nashua Redlegs : RHP Bill Peterson
Batting: RHB Mike Ingram 0-0: Ball
1-0: Ground out U3 (Groundball, 3L)
Batting: RHB Eric Knight 0-0: Ball
1-0: Foul Ball, location: 2F
1-1: Ground out 1-3 (Groundball, 23)
Batting: RHB Martín López 0-0: Ball
1-0: Called Strike
1-1: Ball
2-1: Ground out 5-3 (Groundball, 5S)
Bottom of the 5th over - 0 run(s), 0 hit(s), 0 error(s), 0 left on base; Nashua 1 - State College 4
TOP OF THE 6TH
Nashua Redlegs batting - Pitching for State College Spikes : LHP Sean Perry
Batting: RHB Juan Cardoza 0-0: Called Strike
0-1: Swinging Strike
0-2: Fly out, F8 (Flyball, 78M)
Batting: RHB Jacob Pope 0-0: Called Strike
0-1: Ball
1-1: Ground out 6-3 (Groundball, 6M)
Batting: RHB Jason Blair 0-0: Called Strike
0-1: SINGLE (Line Drive, 89M)
Pitching: RHP Tomás Hurtado
Batting: RHB Spencer Pritchett 0-0: Ball
1-0: Called Strike
1-1: Called Strike
1-2: Fly out, F9 (Flyball, 9LM)
Top of the 6th over - 0 run(s), 1 hit(s), 0 error(s), 1 left on base; Nashua 1 - State College 4
BOTTOM OF THE 6TH
State College Spikes batting - Pitching for Nashua Redlegs : RHP Bill Peterson
Batting: RHB Javier Peña 0-0: Ball
1-0: Swinging Strike
1-1: Ball
2-1: Swinging Strike
2-2: Ball
3-2: Base on Balls
Pitching: RHP Fernando Valdés
Batting: RHB Nick Mackin 0-0: Ball
1-0: Ball
2-0: Ball
3-0: Swinging Strike
3-1: Swinging Strike
3-2: Fly out, F8 (Flyball, 78M)
Batting: RHB Joaquín Vásquez 0-0: Ball
1-0: Foul Ball, location: 2F
1-1: Foul Ball, location: 2F
1-2: Ball
2-2: Strikes out swinging
Batting: RHB Alonzo Herrera 0-0: Ball
1-0: Called Strike
1-1: Ball
2-1: Foul Ball, location: 2F
2-2: Strikes out swinging
Bottom of the 6th over - 0 run(s), 0 hit(s), 0 error(s), 1 left on base; Nashua 1 - State College 4
TOP OF THE 7TH
Nashua Redlegs batting - Pitching for State College Spikes : RHP Tomás Hurtado
Batting: RHB Joe Noble 0-0: Foul Ball, location: 2F
0-1: Ball
1-1: Foul Ball, location: 2F
1-2: Strikes out swinging
Batting: RHB Gabriel Erwin 0-0: Called Strike
0-1: Ball
1-1: Called Strike
1-2: Ground out 6-3 (Groundball, 6M)
Batting: RHB Manuel Alonso 0-0: Foul Ball, location: 2F
0-1: Foul Ball, location: 2F
0-2: Strikes out swinging
Top of the 7th over - 0 run(s), 0 hit(s), 0 error(s), 0 left on base; Nashua 1 - State College 4
BOTTOM OF THE 7TH
State College Spikes batting - Pitching for Nashua Redlegs : RHP Fernando Valdés
Batting: RHB Blair Whitehead 0-0: DOUBLE (Line Drive, 7LS)
Batting: SHB Clint Woods 0-0: Called Strike
0-1: SINGLE (Groundball, 6MD)
Blair Whitehead to third
Runner from 3rd tries for Home, SAFE, throw made home
Batting: RHB Mike Ingram 0-0: Ball
1-0: Fly out, F9 (Line Drive, 89S)
Batting: RHB Eric Knight 0-0: Ball
1-0: Called Strike
1-1: Ball
2-1: Foul Ball, location: 2F
2-2: Ball
3-2: Foul Ball, location: 2F
3-2: Base on Balls
Clint Woods to second
Batting: RHB Martín López 0-0: Ball
1-0: Ball
2-0: Foul Ball, location: 2F
2-1: Ball
3-1: Fly out, F8 (Line Drive, 8RS)
Pitching: LHP Jorge Melgaza
Batting: RHB Javier Peña 0-0: Ball
1-0: Called Strike
1-1: Ball
2-1: Foul Ball, location: 2F
2-2: Ground out 5-3 (Groundball, 5S)
Bottom of the 7th over - 1 run(s), 2 hit(s), 0 error(s), 2 left on base; Nashua 1 - State College 5
TOP OF THE 8TH
Nashua Redlegs batting - Pitching for State College Spikes : RHP Tomás Hurtado
Batting: RHB António Pérez 0-0: Ball
1-0: Called Strike
1-1: Swinging Strike
1-2: Strikes out swinging
Batting: LHB Richard Olvera 0-0: Called Strike
0-1: Ball
1-1: Foul Ball, location: 2F
1-2: Foul Ball, location: 2F
1-2: Ball
2-2: Foul Ball, location: 2F
2-2: Ball
3-2: Ground out 4-3 (Groundball, 4)
Batting: RHB Juan Cardoza 0-0: Fly out, F6 (Popup, 6MD)
Top of the 8th over - 0 run(s), 0 hit(s), 0 error(s), 0 left on base; Nashua 1 - State College 5
BOTTOM OF THE 8TH
State College Spikes batting - Pitching for Nashua Redlegs : LHP Jorge Melgaza
Batting: RHB Nick Mackin 0-0: Ball
1-0: Called Strike
1-1: Swinging Strike
1-2: Ball
2-2: Strikes out swinging
Batting: RHB Joaquín Vásquez 0-0: Called Strike
0-1: Ball
1-1: SINGLE (Line Drive, 9LS)
Batting: RHB Alonzo Herrera 0-0: Foul Ball, location: 2F
0-1: Ball
1-1: Foul Ball, location: 2F
1-2: Foul Ball, location: 2F
1-2: Ball
2-2: SINGLE (Line Drive, 34D)
Joaquín Vásquez to second
Batting: RHB Blair Whitehead 0-0: SINGLE (Line Drive, 8LS)
Joaquín Vásquez to third
Alonzo Herrera to second
Batting: SHB Clint Woods 0-0: Called Strike
0-1: Ball
1-1: DOUBLE (Flyball, 78D)
Joaquín Vásquez scores
Alonzo Herrera scores
Blair Whitehead to third
Batting: RHB Mike Ingram 0-0: Called Strike
0-1: Foul Ball, location: 2F
0-2: Fly out, F8 (Flyball, 8LD)
Runner from 3rd tags up, OUT at HOME
Bottom of the 8th over - 2 run(s), 4 hit(s), 0 error(s), 1 left on base; Nashua 1 - State College 7
TOP OF THE 9TH
Nashua Redlegs batting - Pitching for State College Spikes : RHP Tomás Hurtado
Batting: RHB Jacob Pope 0-0: Ball
1-0: Ball
2-0: Foul Ball, location: 2F
2-1: Ball
3-1: Base on Balls
Batting: RHB Jason Blair 0-0: Called Strike
0-1: Ball
1-1: Swinging Strike
1-2: Strikes out swinging
Batting: RHB Spencer Pritchett 0-0: Grounds into double play, 6-4-3 (Groundball, 6)
Top of the 9th over - 0 run(s), 0 hit(s), 0 error(s), 0 left on base; Nashua 1 - State College 7
Monday, December 5th, 2016 - OOTP Baseball 17.12 Build 75